Map: Frozen Temple

Players

Fropez

  • Race: Protoss Protoss
  • League: Silver
  • Spawn Location: 11:00

Gabe - Winner!

  • Race: Terran Terran
  • League: Bronze
  • Spawn Location: 5:00

VOD

Have the link to the VOD?

Description

Time

  • Played on: July 1, 2016, 9:37 p.m.
  • Length: 5:32
Show
View Real Time Build Order
Export as new Build Order

Fropez Protoss 

Build Orders: Oracle Opening 

Get SALT Encoding   

  12  0:15  Pylon  
  12  0:17  Probe (Chrono Boost)  
  13  0:34  Gateway  
  13  0:42  Probe (Chrono Boost)  
  14  0:50  Assimilator  
  14  0:52  Probe (Chrono Boost)  
  15  1:03  Probe (Chrono Boost)  
  16  1:10  Pylon  
  16  1:12  Pylon  
  16  1:13  Probe (Chrono Boost)  
  17  1:26  Pylon  
  17  1:28  Pylon  
  17  1:43  Cybernetics Core  
  17  1:47  Probe (Chrono Boost)  
  18  1:56  Assimilator  
  18  2:13  Probe (Chrono Boost)  
  19  2:21  Stargate  
  19  2:28  Probe (Chrono Boost)  
  20  2:39  Probe (Chrono Boost)  
  21  2:49  Probe (Chrono Boost)  
  21  3:04  Oracle (Chrono Boost)  
  24  3:13  Zealot  
  24  3:15  Mothership Core  
  28  3:36  Probe  
  28  3:40  Zealot  
  31  4:19  Gateway  
  31  4:21  Twilight Council  
  31  4:43  Nexus  
  31  4:44  Pylon  
  31  5:02  Pylon  
Show
View Real Time Build Order
Export as new Build Order

Gabe Terran - Winner!

Build Orders:  

Get SALT Encoding   

  12  0:01  SCV  
  13  0:13  SCV  
  14  0:20  Supply Depot  
  14  0:25  SCV  
  15  0:41  SCV  
  16  0:44  Barracks  
  16  0:53  SCV  
  17  1:26  Barracks  
  17  1:29  Barracks  
  17  1:30  Barracks  
  17  1:31  SCV  
  17  1:32  Barracks  
  18  1:38  Supply Depot  
  18  1:42  Marine  
  19  2:05  Marine  
  20  2:26  Marine  
  20  2:27  Marine x3  
  24  2:37  Orbital Command  
  24  2:54  Marine  
  24  2:55  Marine x4  
  29  3:12  Marine x2  
  29  3:15  Supply Depot  
  31  3:36  Marine x3  
  31  3:37  Marine x2  
  31  3:40  Supply Depot  
  35  3:54  Marine x5  
  28  4:12  Marine x5  
  33  4:30  Marine x5  
Tags
 
Matchup
PvT
Replay Pack
All Mines
Spawn Locations
Cross Positions
Add a new tag
Caveats
  • Supply blocks, unpowered buildings, or Contaminate may cause inaccurate times.
  • Supply counts are checked every 10 seconds.